 Dungeon Sprint DCSS version 0.21.1 (webtiles) character file.

291 bobthegiant the Basher (level 6, 3/66 HPs)
             Began as a Minotaur Berserker on Feb 4, 2018.
             Was a Believer of Trog.
             Quit the game in the Dungeon (Sprint I: "Red Sonja").
             The game lasted 00:01:25 (308 turns).

bobthegiant the Basher (Minotaur Berserker)          Turns: 308, Time: 00:01:26

Health: 3/66       AC:  2    Str: 23    XL:     6   Next: 10%
Magic:  5/5        EV: 12    Int:  4    God:    Trog [**....]
Gold:   108        SH:  0    Dex: 10    Spells: 5/5 levels left

rFire    . . .     SeeInvis .   a - +0 mace
rCold    . . .     Gourm    .   (no shield)
rNeg     . . .     Faith    .   b - +0 animal skin
rPois    .         Spirit   .   (helmet restricted)
rElec    .         Reflect  .   (no cloak)
rCorr    .         Harm     .   (no gloves)
MR       .....     NoTele   +   (no boots)
Stlth    +.........             (no amulet)
HPRegen  0.21/turn              (no ring)
MPRegen  0.09/turn              (no ring)

@: lethally poisoned (3 -> -5), slowed, heavily drained, very slow
A: retaliatory headbutt, horns 2
a: Berserk, Trog's Hand, Burn Spellbooks, Renounce Religion


You were in the Dungeon.
You worshipped Trog.
Trog was pleased with you.
You were not hungry.

You visited 1 branch You collected 108 gold pieces.

Inventory:

Hand Weapons
 a - a +0 mace (weapon)
Armour
 b - a +0 animal skin (worn)
Scrolls
 i - a scroll of blinking
Potions
 d - a potion of curing
 e - a potion of heal wounds
 f - a potion of haste
 g - 2 potions of magic
 h - a potion of berserk rage
Comestibles
 c - a ration


   Skills:
 + Level 10.0(7.6) Fighting
 + Level 10.5(8.1) Maces & Flails
 + Level 5.4(3.2) Armour
 + Level 4.8(2.7) Dodging


You had 5 spell levels left.
You didn't know any spells.

Dungeon Overview and Level Annotations

Branches:
Dungeon (1/1)

Altars:
Sif Muna
Vehumet
Wu Jian

Annotations:
D Sonja


Innate Abilities, Weirdness & Mutations

You reflexively headbutt those who attack you in melee.
You have a pair of horns on your head.


Message History

You closely miss Sonja.
Sonja is moderately wounded.
* * * LOW HITPOINT WARNING * * *
You feel sick.
Sonja casts a spell.
Sonja blinks!
* * * LOW HITPOINT WARNING * * *
You feel sick.
There is an open door, spattered with blood here.
* * * LOW HITPOINT WARNING * * *
You feel sick. Sonja hits you but does no damage.
You feel drained. Sonja closely misses you.
Sonja hits you with an uncursed short sword of draining.
* * * LOW HITPOINT WARNING * * *
You feel drained.
* * * LOW HITPOINT WARNING * * *
Unknown command.
Unknown command.
Unknown command.
Are you sure you want to abandon this character and quit the game? (Confirm with "yes".)

################
#<.#..').#.)'..#
#..').#..'..#..+
#..#####+#####'#
#..# #$# #..#
##)# #..# #+#_.+
#⌠⌠# +.K._# ####
#_@#+# ##'#
##.##


+$($+ #$($# ##(## #+# You could see Sonja.

Vanquished Creatures
  Sigmund (D)
  An ogre (D)
  A jelly (D)
  Ijyb (D)
4 creatures vanquished.

Notes
Turn   | Place    | Note
-------+----------+-------------------------------------------
     0 | D        | bobthegiant the Minotaur Berserker began the quest for the Orb.
     0 | D        | Reached XP level 1. HP: 19/19 MP: 0/0
     1 | D        | Noticed Ijyb
     8 | D        | Killed Ijyb
     8 | D        | Reached skill level 5 in Fighting
     8 | D        | Reached skill level 5 in Maces & Flails
     8 | D        | Reached XP level 2. HP: 22/29 MP: 1/1
    84 | D        | Noticed an ogre
    90 | D        | Killed an ogre
    90 | D        | Reached XP level 3. HP: 39/39 MP: 2/2
    90 | D        | Reached XP level 4. HP: 47/47 MP: 3/3
    93 | D        | Noticed Sigmund
   105 | D        | Killed Sigmund
   105 | D        | Reached ** piety under Trog
   105 | D        | Reached skill level 10 in Maces & Flails
   105 | D        | Reached skill level 5 in Armour
   105 | D        | Reached XP level 5. HP: 26/58 MP: 4/4
   283 | D        | Found a deep blue altar of Sif Muna.
   284 | D        | Found an ornate altar of the Wu Jian Council.
   285 | D        | Found a radiant altar of Vehumet.
   288 | D        | Reached skill level 10 in Fighting
   288 | D        | Reached XP level 6. HP: 65/66 MP: 5/5
   292 | D        | Noticed Sonja
   307 | D        | HP: 3/66 [Sonja/uncursed short sword of draining (1)]
   308 | D        | Quit the game

Skill      XL: |  1  2  3  4  5 |
---------------+----------------+-----
Fighting       | 5 7 9 10 | 10.0
Maces & Flails | 5 8 10 | 10.5
Armour         | 3 4 5 |  5.4
Dodging        | 3 4 |  4.8

Action                   |  1- 3 |  4- 6 || total
-------------------------+-------+-------++-------
Melee: Mace              |    11 |    14 ||    25
       Headbutt          |     2 |     1 ||     3
Armor: Animal skin       |       |     3 ||     3
Dodge: Dodged            |     7 |    16 ||    23
